Map: [ESL] Alcyone

Players

Harstem - Winner!

  • Race: Protoss Protoss

milkicow

  • Race: Terran Terran

Event: ESL SC2 Masters 2023 Winter (Regional)

VOD

Have the link to the VOD?

Description

Time

  • Played on: Oct. 26, 2023, 1:41 p.m.
  • Length: 15:13

All games in this series

Show
View Real Time Build Order
Export as new Build Order

Harstem Protoss - Winner!

Build Orders: Oracle Opening, Phoenix Opening 

Get SALT Encoding   

  12  0:00  Probe  
  13  0:12  Probe  
  14  0:18  Pylon  
  14  0:24  Probe  
  15  0:36  Gateway  
  15  0:37  Probe (Chrono Boost)  
  16  0:47  Probe (Chrono Boost)  
  16  0:48  Assimilator  
  17  0:52  Probe (Chrono Boost)  
  18  1:03  Probe  
  19  1:15  Probe  
  20  1:25  Cybernetics Core  
  20  1:28  Probe  
  20  1:31  Pylon  
  21  1:40  Probe  
  23  1:59  Adept (Chrono Boost)  
  23  2:04  Nexus  
  23  2:05  Probe  
  25  2:10  Assimilator  
  25  2:17  Probe  
  26  2:25  Stargate  
  26  2:29  Probe  
  27  2:38  Pylon  
  27  2:40  Warp Gate  
  27  2:41  Probe  
  28  2:45  Adept  
  30  2:53  Probe  
  31  3:00  Shield Battery  
  31  3:05  Probe  
  31  3:08  Oracle (Chrono Boost)  
  35  3:17  Probe x2  
  37  3:30  Probe (Chrono Boost)  
  37  3:31  Probe (Chrono Boost)  
  38  3:36  Phoenix (Chrono Boost)  
  41  3:42  Probe (Chrono Boost)  
  41  3:44  Pylon  
  41  3:47  Probe (Chrono Boost)  
  42  3:48  Probe (Chrono Boost)  
  42  3:49  Gateway  
  42  3:54  Probe  
  44  3:56  Probe  
  44  4:00  Phoenix (Chrono Boost)  
  47  4:11  Probe  
  48  4:23  Phoenix (Chrono Boost)  
  48  4:25  Probe  
  48  4:27  Probe  
  52  4:38  Probe  
  53  4:39  Probe  
  53  4:40  Nexus, Assimilator  
  53  4:41  Pylon  
  53  4:44  Phoenix  
  56  4:50  Probe  
  56  4:51  Probe, Twilight Council, Pylon  
  58  5:02  Probe  
  58  5:03  Probe  
  60  5:10  Gateway  
  60  5:12  Phoenix  
  60  5:13  Gateway  
  63  5:14  Probe  
  63  5:15  Probe  
  64  5:21  Forge  
  64  5:24  Sentry  
  64  5:26  Probe  
  64  5:27  Probe  
  68  5:29  Charge (Chrono Boost)  
  68  5:30  Shield Battery  
  68  5:38  Probe  
  68  5:39  Probe  
  68  5:42  Pylon  
  70  5:50  Probe, Phoenix  
  70  5:51  Probe  
  70  5:54  Probe  
  75  6:02  Probe  
  75  6:03  Probe  
  77  6:06  Probe, Adept x3  
  83  6:12  Protoss Ground Armor Level 1 (Chrono Boost)  
  83  6:14  Probe  
  73  6:30  Adept  
  73  6:32  Probe  
  75  6:33  Probe x2  
  75  6:34  Pylon  
  75  6:35  Photon Cannon  
  75  6:37  Pylon  
  77  6:44  Probe (Chrono Boost)  
  77  6:45  Photon Cannon, Probe (Chrono Boost)  
  77  6:46  Probe (Chrono Boost)  
  80  6:52  Gateway  
  81  6:54  Gateway  
  81  6:56  Probe (Chrono Boost)  
  81  6:57  Probe x2 (Chrono Boost)  
  81  7:01  Photon Cannon, Probe x2 (Chrono Boost)  
  83  7:02  Probe (Chrono Boost)  
  86  7:10  Probe  
  86  7:11  Probe  
  86  7:12  Pylon  
  89  7:21  Robotics Facility  
  89  7:22  Probe  
  90  7:27  Zealot x4  
  97  7:35  Probe  
  97  7:36  Nexus  
  99  7:38  Pylon  
  99  7:40  Probe  
  100  7:48  Gateway  
  100  7:50  Probe  
  100  7:51  Gateway  
  101  7:52  Zealot x2, Assimilator  
  101  7:54  Sentry  
  106  7:59  Zealot x2  
  106  8:01  Probe  
  110  8:09  Protoss Ground Weapons Level 1 (Chrono Boost), Probe  
  110  8:10  Zealot  
  110  8:11  Probe  
  112  8:13  Pylon  
  112  8:19  Probe  
  113  8:21  Zealot x5, Probe  
  125  8:27  Photon Cannon  
  125  8:29  Observer (Chrono Boost)  
  125  8:33  Robotics Bay  
  125  8:39  Probe (Chrono Boost)  
  125  8:41  Probe (Chrono Boost)  
  128  8:42  Probe (Chrono Boost)  
  128  8:43  Robotics Facility  
  128  8:45  Zealot x3, Forge  
  128  8:47  Probe (Chrono Boost)  
  135  8:54  Warp Prism (Chrono Boost)  
  135  8:56  Probe  
  135  8:57  Probe  
  135  9:01  Zealot x2  
  135  9:02  Zealot x2  
  145  9:15  Zealot x4  
  153  9:19  Probe  
  154  9:27  Colossus (Chrono Boost)  
  156  9:31  Protoss Ground Armor Level 2 (Chrono Boost)  
  156  9:33  Pylon  
  156  9:34  Extended Thermal Lance (Chrono Boost)  
  156  9:37  Pylon  
  156  9:38  Pylon  
  156  9:51  Probe x2  
  156  9:52  Stalker x2  
  160  10:03  Pylon  
  160  10:04  Colossus (Chrono Boost), Pylon  
  164  10:19  Nexus  
  164  10:20  Colossus (Chrono Boost)  
  162  10:27  Zealot x8  
  172  10:33  Shield Battery  
  166  10:47  Zealot x5  
  166  10:48  Zealot x3  
  169  10:54  Colossus (Chrono Boost)  
  171  11:01  Colossus (Chrono Boost)  
  169  11:05  Protoss Ground Weapons Level 2 (Chrono Boost)  
  169  11:10  Blink  
  175  11:11  Probe  
  175  11:13  Photon Cannon  
  175  11:14  Probe  
  175  11:15  Shield Battery  
  175  11:16  Photon Cannon, Probe  
  172  11:21  Probe  
  172  11:25  Zealot x3, Stalker x2  
  169  11:26  Stalker  
  169  11:30  Probe  
  174  11:33  Assimilator  
  174  11:34  Colossus  
  174  11:35  Assimilator, Stalker x2  
  174  11:36  Pylon  
  172  11:42  Pylon  
  172  11:46  Observer  
  171  11:55  Stalker x3  
  171  12:00  Zealot x5  
  186  12:01  Probe  
  186  12:03  Gateway x2, Probe  
  186  12:04  Probe x2  
  189  12:08  Photon Cannon  
  189  12:10  Photon Cannon  
  189  12:18  Disruptor  
  189  12:19  Zealot x3  
  199  12:28  Disruptor  
  195  12:30  Zealot x3  
  189  12:40  Zealot x5  
  189  12:52  Stalker x3  
  195  12:59  Disruptor  
  199  13:12  Stalker x5  
  189  13:19  Stalker  
  185  13:20  Zealot x4  
  185  13:23  Probe  
  185  13:24  Assimilator  
  185  13:25  Assimilator  
  176  13:37  Probe  
  177  13:48  Zealot x10  
  179  13:55  Probe  
  157  13:56  Nexus  
  157  13:57  Disruptor x2  
  155  14:08  Probe x2 (Chrono Boost)  
  154  14:10  Probe (Chrono Boost)  
  154  14:14  Stalker x3  
  154  14:15  Probe (Chrono Boost)  
  154  14:17  Stalker x2  
  163  14:19  Probe x2 (Chrono Boost)  
  163  14:23  Probe (Chrono Boost)  
  162  14:24  Zealot  
  162  14:25  Zealot x4  
  148  14:33  Disruptor  
  152  14:39  Zealot x3  
  152  14:41  Zealot  
  160  14:50  Zealot x6  
Show
View Real Time Build Order
Export as new Build Order

milkicow Terran 

Build Orders:  

Get SALT Encoding   

  12  0:00  SCV  
  13  0:12  SCV  
  14  0:16  Supply Depot  
  14  0:24  SCV  
  15  0:38  SCV  
  15  0:40  Barracks  
  16  0:44  Refinery  
  16  0:50  SCV  
  17  1:02  SCV  
  18  1:04  Engineering Bay  
  18  1:08  Refinery  
  18  1:15  SCV  
  19  1:28  Reaper  
  19  1:31  Orbital Command  
  20  1:39  Supply Depot  
  19  1:54  Factory  
  19  1:57  SCV  
  20  2:02  Reaper  
  21  2:09  SCV  
  22  2:22  Command Center  
  22  2:25  SCV  
  23  2:38  Starport  
  23  2:39  Hellion  
  23  2:42  SCV  
  26  2:47  Barracks Reactor  
  26  2:51  Supply Depot  
  26  2:54  SCV  
  27  3:02  Widow Mine  
  29  3:07  SCV  
  30  3:17  Medivac  
  30  3:19  SCV  
  32  3:31  SCV  
  33  3:39  Armory  
  31  3:43  SCV  
  31  3:44  Widow Mine  
  31  3:45  Widow Mine  
  37  3:55  Orbital Command, SCV  
  37  4:03  Medivac  
  37  4:07  SCV  
  38  4:17  Widow Mine x2  
  38  4:19  SCV  
  38  4:21  SCV  
  37  4:31  SCV  
  37  4:33  SCV  
  37  4:40  Widow Mine  
  37  4:42  Widow Mine  
  37  4:43  SCV  
  42  4:47  Command Center  
  42  4:50  SCV  
  43  4:56  SCV  
  44  5:02  SCV, Medivac  
  44  5:06  Supply Depot  
  47  5:08  Widow Mine x2, SCV  
  52  5:17  SCV  
  52  5:19  Supply Depot  
  52  5:20  SCV  
  54  5:26  Barracks Tech Lab  
  54  5:29  SCV  
  54  5:32  SCV  
  54  5:35  Barracks x2  
  56  5:36  Widow Mine x2  
  56  5:41  SCV  
  56  5:42  Supply Depot  
  61  5:44  SCV  
  62  5:53  SCV  
  62  5:56  SCV  
  62  6:03  Widow Mine x2  
  62  6:04  Orbital Command  
  64  6:05  SCV  
  64  6:06  Engineering Bay  
  64  6:08  SCV  
  62  6:11  Refinery  
  62  6:12  Engineering Bay  
  62  6:13  Refinery  
  62  6:16  Stimpack  
  62  6:17  SCV  
  61  6:20  SCV  
  61  6:25  Barracks Reactor x2  
  62  6:29  SCV  
  61  6:33  SCV, Widow Mine x2  
  61  6:34  SCV  
  63  6:40  Barracks, Terran Infantry Weapons Level 1  
  63  6:42  Barracks, SCV  
  63  6:45  SCV  
  65  6:49  Orbital Command  
  65  6:50  Supply Depot  
  65  6:52  Marine  
  65  6:54  SCV  
  67  6:57  SCV, Widow Mine x2  
  72  7:06  SCV  
  67  7:09  SCV  
  67  7:13  Marine x5  
  67  7:15  SCV  
  74  7:18  Widow Mine x2, SCV  
  74  7:19  Starport Reactor  
  74  7:22  SCV  
  76  7:27  Barracks Tech Lab, SCV  
  77  7:30  Terran Infantry Armor Level 1, SCV  
  77  7:31  Marine  
  77  7:32  Barracks Tech Lab, Marine x2, Ghost Academy  
  77  7:34  Missile Turret, SCV  
  82  7:38  Missile Turret  
  82  7:39  SCV  
  82  7:40  Widow Mine x2  
  82  7:42  SCV  
  82  7:43  Marauder  
  90  7:46  SCV  
  90  7:50  Marine  
  90  7:51  SCV, Marauder  
  95  7:55  Supply Depot  
  95  7:56  Supply Depot  
  95  7:57  Marine x3  
  95  7:58  Medivac  
  100  7:59  SCV  
  101  8:07  Medivac  
  101  8:09  Marauder  
  101  8:16  Ghost, Marine  
  101  8:17  Supply Depot x2, Ghost, Widow Mine, SCV x2  
  101  8:19  Refinery  
  111  8:20  Refinery  
  111  8:22  Widow Mine  
  111  8:24  Marine x2  
  114  8:28  Combat Shield  
  114  8:30  Ghost  
  116  8:37  Marine  
  116  8:39  SCV  
  116  8:40  SCV  
  119  8:41  SCV  
  119  8:42  Command Center  
  119  8:45  Marine, Medivac  
  119  8:46  Supply Depot, Marauder x2  
  127  8:49  Widow Mine x2  
  127  8:51  SCV  
  127  8:54  SCV  
  132  8:56  Marine  
  133  9:03  Supply Depot  
  133  9:04  Supply Depot  
  133  9:06  SCV  
  133  9:07  Marauder, Medivac, Marine  
  138  9:12  Marine  
  138  9:13  Marauder  
  138  9:14  Marine  
  138  9:15  Marauder  
  138  9:16  SCV  
  136  9:19  SCV, Medivac  
  139  9:24  SCV  
  139  9:29  Marauder, Marine  
  139  9:30  Widow Mine x2, Marine  
  139  9:31  SCV  
  149  9:32  SCV  
  149  9:34  Marauder  
  149  9:37  Medivac  
  154  9:40  Terran Infantry Weapons Level 2  
  154  9:41  Barracks  
  154  9:42  Barracks  
  154  9:44  Terran Infantry Armor Level 2  
  154  9:55  Widow Mine, Medivac  
  154  9:56  Widow Mine  
  154  9:57  SCV  
  161  10:05  Marauder, Marine  
  164  10:08  SCV  
  164  10:09  Missile Turret  
  164  10:10  Starport  
  164  10:12  Supply Depot  
  164  10:13  Supply Depot  
  165  10:17  Marine  
  165  10:18  Marauder  
  165  10:19  Widow Mine x2  
  165  10:20  Medivac  
  172  10:25  Medivac  
  167  10:34  Marine  
  167  10:35  Barracks Tech Lab, SCV, Marauder  
  171  10:40  Marine  
  171  10:41  Marine, Marauder  
  171  10:42  Barracks Tech Lab, Concussive Shells, Marauder  
  164  10:50  Medivac  
  164  10:56  Marine  
  158  10:57  SCV, Marauder  
  158  10:58  SCV  
  158  10:59  Planetary Fortress  
  158  11:03  Marine  
  158  11:04  Marauder  
  155  11:05  Viking  
  155  11:06  Viking, Orbital Command, Marine  
  155  11:07  Marine x2  
  155  11:08  Refinery  
  155  11:09  SCV, Marine, Refinery  
  155  11:10  Command Center  
  161  11:12  Marine  
  161  11:17  Marine, SCV  
  163  11:18  Marauder  
  163  11:21  SCV, Marine  
  163  11:24  Ghost, Armory, Engineering Bay  
  164  11:27  Marine  
  164  11:28  Marauder  
  164  11:29  SCV  
  168  11:33  SCV  
  168  11:34  Ghost  
  168  11:35  Missile Turret, SCV  
  168  11:38  Refinery x2  
  172  11:40  SCV  
  172  11:45  Supply Depot  
  171  11:47  Viking, Supply Depot  
  171  11:52  Marine  
  171  11:53  Marauder  
  172  11:59  SCV  
  171  12:06  Viking x2  
  175  12:08  Marine  
  175  12:09  Marauder  
  175  12:10  Viking  
  175  12:14  Marine x2  
  175  12:15  Marauder x3  
  188  12:19  Supply Depot x2  
  188  12:22  Viking, Marine x2  
  191  12:26  Marine  
  186  12:30  Marauder  
  186  12:32  Marine x2  
  186  12:35  Orbital Command  
  186  12:36  Ghost, Marauder  
  185  12:37  Marauder  
  185  12:39  Marine  
  185  12:40  Marauder  
  185  12:44  Viking x2  
  172  12:47  Marine  
  168  12:51  Marauder  
  168  12:56  Marine x2  
  168  12:57  Marauder  
  173  12:58  Marauder  
  173  13:00  Terran Ship Weapons Level 1, Supply Depot  
  173  13:01  Supply Depot  
  170  13:11  Marine  
  170  13:12  SCV, Marauder  
  160  13:14  Marine  
  160  13:15  Marauder  
  160  13:18  Marine  
  160  13:19  Marauder x2, Marine  
  153  13:20  Marauder  
  153  13:25  Orbital Command  
  149  13:27  Orbital Command  
  149  13:29  Marine  
  149  13:31  Viking  
  149  13:32  Marine  
  149  13:33  Marauder  
  147  13:39  Viking x2, SCV  
  151  13:43  Marauder  
  151  13:47  Marine  
  151  13:48  Marauder  
  140  13:50  Marauder, Marine  
  140  13:52  Marine  
  140  13:54  Marine  
  140  13:55  SCV, Marauder  
  133  13:58  Marine  
  134  14:03  Marine  
  134  14:08  Ghost  
  135  14:11  Ghost  
  135  14:12  Marine x2  
  135  14:15  Ghost  
  139  14:18  Orbital Command  
  132  14:29  Marine  
  132  14:30  Marauder  
  128  14:34  Viking  
  128  14:35  Viking  
  128  14:36  Orbital Command, Ghost  
  128  14:37  Marine  
  133  14:41  SCV x2  
  135  14:45  Orbital Command  
  135  14:50  Marauder, Marine  
  124  14:54  Marine  
  124  14:55  SCV  
  124  14:57  SCV x2  
Tags
 
Add a new tag
Caveats
  • Supply blocks, unpowered buildings, or Contaminate may cause inaccurate times.
  • Supply counts are checked every 10 seconds.